 Dungeon Sprint DCSS version 0.27-a0-522-g46bbb28828 (webtiles) character file.

Game seed: 12677974582225609098

5241 rocky1 the Basher (level 10, 0/70 HPs)
             Began as a Gargoyle Fighter on Mar 5, 2021.
             Was a High Priest of Okawaru.
             Blown up by an eye of devastation (31 damage)
             ... with a bolt of energy
             ... in the Dungeon (Sprint VII: "The Pits").
             The game lasted 00:06:28 (909 turns).

rocky1 the Basher (Gargoyle Fighter)                 Turns: 909, Time: 00:06:29

Health: 0/70       AC: 29    Str: 26    XL:     10   Next: 62%
Magic:  16/17      EV: 10    Int:  8    God:    Okawaru [*****.]
Gold:   0          SH: 13    Dex: 10    Spells: 9/9 levels left

rFire    . . .     SeeInvis .   o - +4 flail (vorpal)
rCold    . . .     Faith    .   c - +0 kite shield
rNeg     + . .     Spirit   .   v - +3 plate armour
rPois    ∞         Reflect  .   u - +0 helmet
rElec    +         Harm     .   (no cloak)
rCorr    .         Rampage  .   (no gloves)
Will     .....     NoTele   +   (no boots)
Stlth    ..........             (no amulet)
HPRegen  0.21/turn              d - +3 ring of strength
MPRegen  0.15/turn              q - +3 ring of protection

@: no status effects
A: negative energy resistance 1, electricity resistance, unbreathing 1,
petrification resistance, miasma immunity, AC +7
a: Renounce Religion, Heroism, Finesse


You were in the Dungeon.
You worshipped Okawaru.
Okawaru was extremely pleased with you.
You visited 1 branch

Inventory:

Hand Weapons
 a - a +2 scimitar of flaming
 n - a +2 war axe of freezing
 o - a +4 vorpal flail (weapon)
 t - a +2 scimitar of holy wrath
Missiles
 p - 8 atropa-tipped darts (quivered)
Armour
 c - a +0 kite shield (worn)
 u - a +0 helmet (worn)
 v - a +3 plate armour (worn)
Jewellery
 d - a +3 ring of strength (left hand)
 q - a +3 ring of protection (right hand)
Scrolls
 j - a scroll of blinking
 l - 5 scrolls of amnesia
 m - a scroll of summoning
Potions
 e - 6 potions of curing
 f - 10 potions of heal wounds
 g - 2 potions of haste
 h - 4 potions of magic
 i - 2 potions of berserk rage
 k - 2 potions of invisibility
 r - a potion of brilliance
 s - 2 potions of mutation


   Skills:
 + Level 11.5 Fighting
 + Level 11.9 Maces & Flails
 + Level 11.4 Armour
 + Level 8.5 Dodging
 + Level 11.5 Shields
 + Level 9.4 Invocations


You had 9 spell levels left.
You didn't know any spells.
Your spell library was empty.

Dungeon Overview and Level Annotations

Branches:
Dungeon (1/1)

Altars:
Ashenzari
Cheibriados
Dithmenos
Elyvilon
Fedhas
Gozag
Hepliaklqana
Kikubaaqudgha
Makhleb
Nemelex Xobeh
Okawaru
Qazlal
Ru
Sif Muna
Trog
Uskayaw
Vehumet
Wu Jian
Xom
Yredelemnul
Zin
The Shining One
Beogh
Jiyva
Lugonu


Innate Abilities, Weirdness & Mutations

You are resistant to torment.
Your stone body is resilient. (AC +7)
You are immune to poison.
You resist negative energy. (rN+)
You are resistant to electric shocks. (rElec)
You can survive without breathing.
You are immune to petrification.
You are immune to miasma.


Message History

You hit the hellwing.
The hellwing is lightly wounded.
You feel like a meek peon again.
The gnoll hits you from afar with a +0 spear.
The gnoll hits you with a +0 spear.
You sock the hellwing!
The hellwing is moderately wounded.
The hellwing closely misses you. x2; The gnoll barely misses you.
The gnoll closely misses you.
You closely miss the hellwing.
The hellwing is moderately wounded.
You block the gnoll's attack.
The hellwing hits you but does no damage.
You block the hellwing's attack. The gnoll hits you but does no damage.
The gnoll closely misses you.
You sock the hellwing!
The hellwing is severely wounded.
The gnoll hits you but does no damage.
The hellwing hits you but does no damage.
The hellwing closely misses you. You block the gnoll's attack.
You closely miss the hellwing.
The hellwing is severely wounded.
You block the gnoll's attack. x2
The hellwing hits you but does no damage.
You block the hellwing's attack. The gnoll completely misses you.
You thump the hellwing!
You kill the hellwing!
Okawaru accepts your kill. You block the gnoll's attack.
The gnoll hits you but does no damage. You block the gnoll's attack.
You closely miss the gnoll. The gnoll barely misses you.
The gnoll closely misses you.
You sock the gnoll!
The gnoll is severely wounded.
The gnoll hits you but does no damage. The eye of devastation gazes at you.
The bolt of energy hits the gnoll!!!
The gnoll is blown up!
The bolt of energy hits you!!
You die...

#................#
#......#..#......#
#................+
'................+
#......#..#......#
#................#
####'#####''######
#.......##''# ########
#.......##..# ##@))G..#
#.......##.†###†g#g#......
#...<...##.†##).##.##.....
#.......##..##.##...##...#
#.......##..####.....# .##
#.......##..[##......# .#
##########.[..'......+ +
##########[..##......#
...#..[.##†.####.....#


You could see an eye of devastation and 2 gnolls.

Vanquished Creatures
  Erica (D)
  A two-headed ogre (D)
  An orc knight (D)
  An orc sorcerer (D)
  A cane toad (D)
  A hellwing (D)
  A guardian mummy (D)
  A kobold demonologist (D)
  2 red devils (D)
  A redback (D)
  A flying skull (D)
  A tarantella (D)
  2 floating eyes (D)
  2 orc warriors (D)
  A sky beast (D)
  4 wolves (D)
  An ogre (D)
  A kobold brigand (D)
  2 gnoll sergeants (D)
  A gnoll shaman (D)
  An iron imp (D)
  A worker ant (D)
  A mummy (D)
  8 gnolls (D)
  2 adders (D)
  An orc (D)
  A ball python (D)
  A giant cockroach (D)
  A goblin (D)
  3 jackals (D)
  2 kobolds (D)
  A quokka (D)
  A bat (D)
  A leopard gecko skeleton (D)
52 creatures vanquished.

Vanquished Creatures (others)
  A gnoll (D)
1 creature vanquished.

Grand Total: 53 creatures vanquished

Notes
Turn   | Place    | Note
-------+----------+-------------------------------------------
     0 | D        | rocky1 the Gargoyle Fighter began the quest for the Orb.
     0 | D        | Reached XP level 1. HP: 14/14 MP: 1/1
   119 | D        | Found a bloodstained altar of Trog.
   119 | D        | Found a shimmering blue altar of Sif Muna.
   119 | D        | Found a viscous altar of Jiyva.
   119 | D        | Found a hazy altar of Hepliaklqana.
   119 | D        | Found an opulent altar of Gozag.
   120 | D        | Found a glowing golden altar of the Shining One.
   120 | D        | Found a glowing silver altar of Zin.
   120 | D        | Found a shimmering altar of Xom.
   120 | D        | Found an ornate altar of the Wu Jian Council.
   120 | D        | Found a sacrificial altar of Ru.
   120 | D        | Found a stormy altar of Qazlal.
   120 | D        | Found an iron altar of Okawaru.
   120 | D        | Found a sparkling altar of Nemelex Xobeh.
   120 | D        | Found a burning altar of Makhleb.
   120 | D        | Found a blossoming altar of Fedhas.
   120 | D        | Found a white marble altar of Elyvilon.
   120 | D        | Found a shadowy altar of Dithmenos.
   120 | D        | Found a snail-covered altar of Cheibriados.
   123 | D        | Found a corrupted altar of Lugonu.
   123 | D        | Found a radiant altar of Vehumet.
   124 | D        | Found an ancient bone altar of Kikubaaqudgha.
   124 | D        | Found a hide-covered altar of Uskayaw.
   124 | D        | Found a broken altar of Ashenzari.
   136 | D        | Became a worshipper of Warmaster Okawaru
   238 | D        | Noticed a floating eye
   242 | D        | Killed a floating eye
   242 | D        | Reached * piety under Okawaru
   243 | D        | Reached skill level 5 in Fighting
   243 | D        | Reached skill level 5 in Maces & Flails
   243 | D        | Reached skill level 5 in Shields
   243 | D        | Reached XP level 2. HP: 21/21 MP: 2/2
   243 | D        | Reached XP level 3. HP: 26/26 MP: 3/3
   243 | D        | Reached XP level 4. HP: 31/31 MP: 4/4
   250 | D        | Noticed a floating eye
   253 | D        | Killed a floating eye
   253 | D        | Reached ** piety under Okawaru
   254 | D        | Reached skill level 5 in Armour
   254 | D        | Reached XP level 5. HP: 36/36 MP: 5/5
   258 | D        | Reached XP level 6. HP: 40/41 MP: 6/6
   390 | D        | Reached skill level 1 in Invocations
   393 | D        | Reached XP level 7. HP: 42/48 MP: 6/8
   394 | D        | Reached *** piety under Okawaru
   444 | D        | Noticed a flying skull
   456 | D        | Killed a flying skull
   456 | D        | Received a gift from Okawaru
   457 | D        | Reached skill level 5 in Dodging
   466 | D        | Noticed a red devil
   475 | D        | Killed a red devil
   476 | D        | Reached XP level 8. HP: 52/54 MP: 9/11
   515 | D        | Noticed an orc knight
   546 | D        | Killed an orc knight
   546 | D        | Reached **** piety under Okawaru
   547 | D        | Reached skill level 10 in Maces & Flails
   547 | D        | Reached skill level 5 in Invocations
   556 | D        | Reached XP level 9. HP: 36/61 MP: 13/13
   563 | D        | HP: 2/61 [gnoll/+0 vorpal spear (2)]
   575 | D        | Reached ***** piety under Okawaru
   750 | D        | Noticed Erica
   765 | D        | Killed Erica
   766 | D        | Reached skill level 10 in Fighting
   766 | D        | Reached skill level 10 in Armour
   766 | D        | Reached skill level 10 in Shields
   770 | D        | Noticed an orc sorcerer
   770 | D        | Noticed a cane toad
   770 | D        | Noticed a guardian mummy
   771 | D        | Paralysed by an orc sorcerer for 5 turns
   789 | D        | Noticed a soul eater
   794 | D        | Killed a cane toad
   799 | D        | Killed a guardian mummy
   800 | D        | Reached XP level 10. HP: 65/68 MP: 8/16
   803 | D        | Killed an orc sorcerer
   803 | D        | Identified the +1 robe of the Shore {Dex+3} (Okawaru gifted
                  | it to you in the Dungeon)
   803 | D        | Received a gift from Okawaru
   864 | D        | Noticed a two-headed ogre
   865 | D        | Noticed a kobold demonologist
   873 | D        | Killed a two-headed ogre
   889 | D        | Killed a kobold demonologist
   900 | D        | Noticed an eye of devastation
   909 | D        | Blown up by an eye of devastation

Illustrated notes

Levels and vault maps discovered:
D:        pitsprint [storerooms_1, entrance_room_1, metal_vault_3, armoury_2,
          mini_pit_1, grid_room_1, main_hall_1, silver_pit, the_coven_3,
          the_vestibule_1, steel_vault_3, golden_pit, hallway_of_sentries,
          crystal_vault_1, iron_vault_1, final_vault]

Skill      XL: |  1  2  3  4  5  6  7  8  9 10 |
---------------+-------------------------------+-----
Maces & Flails | 5 7 8 9 10 11 | 11.9
Fighting       | 5 6 7 8 9 10 11 | 11.5
Armour         | 4 5 6 7 8 9 10 11 | 11.4
Dodging        | 2 3 4 5 6 7 8 |  8.5
Shields        | 5 6 7 8 9 10 11 | 11.5
Invocations    | 1 4 6 8 9 |  9.4

Action                   |  1- 3 |  4- 6 |  7- 9 | 10-12 || total
-------------------------+-------+-------+-------+-------++-------
Melee: Flail             |    29 |    47 |   144 |    37 ||   257
Invok: Heroism           |       |       |     2 |     1 ||     3
       Finesse           |       |       |     1 |       ||     1
  Use: Potion            |       |       |     6 |       ||     6
Armor: Scale mail        |    21 |    16 |       |       ||    37
       Plate armour      |       |     7 |    86 |    30 ||   123
Dodge: Dodged            |    10 |    19 |    41 |    24 ||    94
Block: Kite shield       |    20 |    24 |    88 |    48 ||   180

Table legend: (Time is in decaauts)
 A = Elapsed time spent in this place.
 B = Non-inter-level travel time spent in this place.
 C = Inter-level travel time spent in this place.
 D = Time resting spent in this place.
 E = Time spent auto-exploring this place.
 F = Levels seen in this place.
 G = Mean time per level.
                   A        B        C        D        E       F      G
               +--------+--------+--------+--------+--------+-----+--------+
         Total |    923 |    923 |      0 |    156 |     79 |   1 |  923.0 |
       Dungeon |    923 |    923 |      0 |    156 |     79 |   1 |  923.0 |
               +--------+--------+--------+--------+--------+-----+--------+

Top non-repeatable levels by time:
       D: 923 daAuts
